 Dungeon Crawl Stone Soup version 0.23-a0-164-g7711e57 (webtiles) character file.

18030 Hummingbird the Severer (level 12, -7/84 HPs)
             Began as a Demonspawn Fighter on Sept 11, 2018.
             Was a Follower of Uskayaw.
             Killed from afar by a rime drake (25 damage)
             ... with a flash freeze
             ... on level 13 of the Dungeon.
             The game lasted 00:16:54 (12710 turns).

Hummingbird the Severer (Demonspawn Fighter)       Turns: 12710, Time: 00:16:55

Health: -7/84      AC:  7    Str: 23    XL:     12   Next: 24%
Magic:  16/16      EV: 18    Int:  7    God:    Uskayaw [*.....]
Gold:   863        SH: 12    Dex: 26    Spells: 11/11 levels left

rFire    . . .     SeeInvis +   n - +3 hand axe (chop)
rCold    . . .     Gourm    .   c - +0 shield
rNeg     . . .     Faith    .   s - +1 ring mail of the Sun {rPois MR- Str+6 Int-3}
rPois    +         Spirit   .   (no helmet)
rElec    .         Reflect  .   K - scarf {repulsion}
rCorr    .         Harm     .   (no gloves)
MR       .....                  (no boots)
Stlth    ++++......             (no amulet)
HPRegen  0.24/turn              e - ring of see invisible
MPRegen  0.15/turn              r - +2 ring of slaying

@: agile, repel missiles
A: thin skeletal structure 2, powered by death 2, powered by pain 2
a: Stomp, Renounce Religion


You were on level 13 of the Dungeon.
You worshipped Uskayaw.
Uskayaw was noncommittal.
You were not hungry.

You visited 2 branches of the dungeon, and saw 14 of its levels.

You collected 863 gold pieces.

Inventory:

Hand Weapons
 n - a +3 hand axe of chopping (weapon)
Armour
 c - a +0 shield (worn)
 q - a +2 cloak
 s - the +1 ring mail of the Sun (worn) {rPois MR- Str+6 Int-3}
   (You found it on level 4 of the Dungeon)

   It affects your strength (+6).
   It affects your intelligence (-3).
   It protects you from poison.
   It affects your resistance to hostile enchantments.
 t - a scarf of resistance
 F - a +0 troll leather armour
 K - a scarf of repulsion (worn)
Jewellery
 e - a ring of see invisible (left hand)
 h - an uncursed ring of ice
 r - a +2 ring of slaying (right hand)
 J - an uncursed ring of ice
Wands
 g - a wand of polymorph (9)
 o - a wand of flame (77)
 u - a wand of disintegration (30)
 A - a wand of iceblast (11)
 E - a wand of enslavement (13)
 G - a wand of random effects (24)
Scrolls
 b - a scroll of noise {unknown}
 l - 4 scrolls of teleportation
 v - 3 scrolls of remove curse
 w - 3 scrolls of blinking
 y - a scroll of enchant weapon
 z - 2 scrolls of fog
 H - 4 scrolls of identify
 I - a scroll of amnesia
Potions
 a - a potion of haste {unknown}
 d - a potion of might
 i - a potion of agility
 j - a potion of flight {unknown}
 k - 3 potions of curing {unknown}
 m - 2 potions of lignification {unknown}
 p - a potion of mutation {unknown}
 x - 2 potions of degeneration {unknown}
 C - a potion of ambrosia {unknown}
 D - a potion of berserk rage {unknown}
 L - a potion of brilliance {unknown}
Comestibles
 f - 13 rations
 B - 4 chunks of flesh


   Skills:
 + Level 4.6 Fighting
 * Level 15.0 Axes
 * Level 4.5 Armour
 * Level 4.5 Dodging
 + Level 3.3 Stealth
 * Level 5.3 Shields
 * Level 6.5 Invocations


You had 11 spell levels left.
You didn't know any spells.
Your spell library contained the following spells:

 Spells                   Type           Power        Failure   Level  Hunger
 Confusing Touch          Hex            #.....       94%         1    ##.....
 Poisonous Vapours        Pois/Air       #.....       98%         2    ###....
 Confuse                  Hex            #.......     100%        3    ####...
 Conjure Flame            Conj/Fire      #.......     100%        3    ####...
 Gell's Gravitas          Tloc           #.........   100%        3    ####...
 Mephitic Cloud           Conj/Pois/Air  #.......     100%        3    ####...
 Petrify                  Tmut/Erth      #.......     100%        4    #####..
 Metabolic Englaciation   Hex/Ice        #.........   100%        5    ######.
 Yara's Violent Unravell  Hex/Tmut       #.........   100%        5    ######.
 Freezing Cloud           Conj/Ice/Air   #.........   100%        6    #######
 Ring of Flames           Chrm/Fire      #.........   100%        7    #######


Dungeon Overview and Level Annotations

Branches:
Dungeon (13/15)            Temple (1/1) D:5            Lair (0/6) D:11
    Orc (0/2) D:11
 Vaults: D:13-14

Altars:
Ashenzari
Cheibriados
Dithmenos
Elyvilon
Fedhas
Gozag
Hepliaklqana
Kikubaaqudgha
Makhleb
Nemelex Xobeh
Okawaru
Qazlal
Ru
Sif Muna
Trog
Uskayaw
Vehumet
Wu Jian
Xom
Yredelemnul
Zin
The Shining One

Shops:
D:4 [   D:7 *

Portals:
Ice
Cave: D:13


Innate Abilities, Weirdness & Mutations

You have a moderately thin skeletal structure. (Dex +4, Stealth+)
You regenerate health from kills.
You sometimes gain power by taking damage.


Message History

Evoke which item? (* to show all) (? for menu, Esc to quit)
Evoke which item? (* to show all) (? for menu, Esc to quit)
Evoke which item? (* to show all) (? for menu, Esc to quit)
Okay, then.
You start resting.
You hear the steady crackling of a very distant melting archway.
You start resting.
Your magical contamination has completely faded away.
You start resting.
You feel a little less mighty now.
You open the door.
The rime drake hisses angrily.
There is an open door here.
The rime drake bites you.
* * * LOW HITPOINT WARNING * * *
You barely miss the rime drake.
The rime drake is lightly wounded.
The rime drake breathes ice at you. The flash freeze hits you!
You die...

.. #.####.....######'
#+#.####....###..........
#...#).#......#..........
#...).........'..........
#####)........#..........
#..##..########..........
#..#...#..[.# ######+###.
#..'...'....# #.
#..#####@k..# .
#..#........# .
#..#....##### #..#....#
####....# #....## #.....#
#####.# #.#


You could see a rime drake.

Vanquished Creatures
  Kirke (D:12)
  A hydra (D:11)
  A tengu warrior (D:13)
  2 two-headed ogres
  The ghost of indyram44 the Skirmisher, a novice MiFi (D:5)
  Pikel (D:6)
  An ugly thing (D:11)
  Maurice (D:11)
  2 gargoyles
  Grinder (D:4)
  2 trolls
  A hornet (D:9)
  4 hippogriffs
  A spriggan (D:8)
  A vampire (D:12)
  A wraith (D:11)
  15 yaks
  A shadow (D:13)
  A wyvern (D:13)
  Grum (D:11)
  4 hogs (D:12)
  Menkaure (D:4)
  3 wargs (D:11)
  A water moccasin (D:6)
  4 orc warriors
  2 slaves (D:6)
  An eye of draining (shapeshifter) (D:12)
  4 ice beasts
  2 phantoms
  2 wolves (D:10)
  4 centaurs
  6 ogres
  7 bullfrogs
  2 big kobolds
  A wyvern skeleton (D:8)
  2 scorpions (D:6)
  8 killer bees (D:12)
  A howler monkey (D:4)
  11 crimson imps
  2 quasits
  17 orc wizards
  4 centaur skeletons
  5 orc priests
  Crazy Yiuf (D:2)
  4 jellies
  3 bullfrog skeletons
  Jessica (D:2)
  An iguana (D:12)
  12 worker ants
  Natasha (thrice) (D:4)
  A hound zombie (D:6)
  4 hound skeletons
  A worker ant zombie (D:5)
  A howler monkey zombie (D:6)
  Robin (D:2)
  16 gnolls
  12 adders
  A howler monkey skeleton (D:5)
  A shadow imp (D:4)
  2 adder skeletons
  An adder zombie (D:5)
  6 worms
  4 dart slugs
  5 leopard geckos
  54 orcs
  7 bats
  6 giant cockroaches
  23 goblins
  13 hobgoblins
  10 jackals
  15 kobolds
  6 quokkas
  A ball python (D:3)
  8 frilled lizards
  A jackal skeleton (D:7)
  A quokka skeleton (D:4)
  6 rats
366 creatures vanquished.

Vanquished Creatures (collateral kills)
  A rime drake (D:13)
1 creature vanquished.

Vanquished Creatures (others)
  A human (D:12)
  A slave (D:6)
  A plant (D:11)
3 creatures vanquished.

Grand Total: 370 creatures vanquished

Notes
Turn   | Place    | Note
-------+----------+-------------------------------------------
     0 | D:1      | Hummingbird the Demonspawn Fighter began the quest for the
                  | Orb.
     0 | D:1      | Reached XP level 1. HP: 18/18 MP: 1/1
    11 | D:1      | Reached skill level 2 in Axes
    77 | D:1      | Gained mutation: You sometimes gain a little power by
                  | taking damage. [demonic ancestry]
    77 | D:1      | Reached XP level 2. HP: 16/24 MP: 2/2
   332 | D:1      | Reached skill level 3 in Axes
   382 | D:1      | Gained mutation: You have a somewhat thin skeletal
                  | structure. (Dex +2, Stealth) [demonic ancestry]
   382 | D:1      | Reached XP level 3. HP: 28/29 MP: 3/3
  1238 | D:2      | Found a sparkling altar of Nemelex Xobeh.
  1238 | D:2      | Noticed Jessica
  1245 | D:2      | Killed Jessica
  1245 | D:2      | Reached skill level 4 in Axes
  1245 | D:2      | Gained mutation: You regenerate a little health from kills.
                  | [demonic ancestry]
  1245 | D:2      | Reached XP level 4. HP: 24/35 MP: 4/4
  1327 | D:2      | Noticed Robin
  1347 | D:2      | Killed Robin
  1397 | D:2      | Found a glowing golden altar of the Shining One.
  1537 | D:2      | Found a runed door.
  1878 | D:2      | Noticed Crazy Yiuf
  1885 | D:2      | Killed Crazy Yiuf
  2293 | D:3      | Reached XP level 5. HP: 40/41 MP: 5/5
  2496 | D:3      | Reached skill level 5 in Axes
  2639 | D:3      | Noticed an ogre
  2650 | D:3      | Killed an ogre
  2650 | D:3      | Reached skill level 6 in Axes
  2650 | D:3      | Reached XP level 6. HP: 5/47 MP: 6/6
  2995 | D:3      | Found a basalt altar of Yredelemnul.
  3244 | D:4      | Noticed Menkaure
  3252 | D:4      | Killed Menkaure
  3252 | D:4      | Reached skill level 7 in Axes
  3252 | D:4      | Gained mutation: You regenerate health from kills. [demonic
                  | ancestry]
  3252 | D:4      | Reached XP level 7. HP: 9/52 MP: 7/7
  3501 | D:4      | Noticed Natasha
  3509 | D:4      | Killed Natasha
  3699 | D:4      | Noticed Grinder
  3718 | D:4      | Killed Grinder
  3718 | D:4      | Reached skill level 8 in Axes
  3829 | D:4      | Got a tiger eye-encrusted ring mail
  3840 | D:4      | Identified the cursed +1 ring mail of the Sun {rPois MR-
                  | Str+6 Int-3} (You found it on level 4 of the Dungeon)
  3854 | D:4      | Noticed Natasha
  3861 | D:4      | Killed Natasha
  3914 | D:4      | Found Qetap's Antique Armour Shop.
  3968 | D:4      | Found a shadowy altar of Dithmenos.
  3985 | D:4      | Noticed Natasha
  3998 | D:4      | Killed Natasha
  4123 | D:5      | Entered Level 5 of the Dungeon
  4125 | D:5      | Found a snail-covered altar of Cheibriados.
  4445 | D:5      | Gained mutation: You have a moderately thin skeletal
                  | structure. (Dex +4, Stealth+) [demonic ancestry]
  4445 | D:5      | Reached XP level 8. HP: 50/58 MP: 8/8
  4503 | D:5      | Found a staircase to the Ecumenical Temple.
  4544 | Temple   | Entered the Ecumenical Temple
  4736 | Temple   | Became a worshipper of Uskayaw the Reveler
  4816 | D:5      | Reached * piety under Uskayaw
  4817 | D:5      | Reached skill level 9 in Axes
  4827 | D:5      | Reached ** piety under Uskayaw
  5135 | D:5      | Reached *** piety under Uskayaw
  5284 | D:5      | Found an ornate altar of the Wu Jian Council.
  5291 | D:5      | Found a runed gate.
  5291 | D:5      | Found a runed gate.
  5292 | D:5      | Found a runed gate.
  5298 | D:5      | Noticed indyram44's ghost (novice MiFi)
  5308 | D:5      | Killed indyram44's ghost
  5308 | D:5      | Reached skill level 10 in Axes
  5308 | D:5      | Reached **** piety under Uskayaw
  5343 | D:5      | Found a hazy altar of Hepliaklqana.
  5344 | D:5      | Found a shimmering altar of Xom.
  5344 | D:5      | Noticed a hell beast
  5345 | D:5      | Noticed a spectral ugly thing
  5345 | D:5      | Noticed a hell beast
  5531 | D:6      | Gained mutation: You sometimes gain power by taking damage.
                  | [demonic ancestry]
  5531 | D:6      | Reached XP level 9. HP: 58/63 MP: 9/9
  5705 | D:6      | Reached skill level 11 in Axes
  5712 | D:6      | Noticed Pikel
  5750 | D:6      | Killed Pikel
  6063 | D:6      | Reached skill level 12 in Axes
  6516 | D:7      | Reached ***** piety under Uskayaw
  6936 | D:7      | Found Eklidghao's Assorted Antiques.
  7733 | D:8      | Reached XP level 10. HP: 47/70 MP: 10/10
  7734 | D:8      | Reached skill level 13 in Axes
  7798 | D:8      | Noticed a gargoyle
  7909 | D:8      | Killed a gargoyle
  8740 | D:9      | Reached ****** piety under Uskayaw
  8744 | D:9      | Reached skill level 14 in Axes
  8969 | D:9      | Found Qewne's Antique Weapon Shop.
  9196 | D:10     | Entered Level 10 of the Dungeon
  9802 | D:10     | Reached skill level 1 in Invocations
  9919 | D:11     | Noticed Grum
  9919 | D:11     | Noticed Maurice
  9932 | D:10     | Reached skill level 1 in Dodging
 10213 | D:11     | Killed Maurice
 10215 | D:11     | Killed Grum
 10215 | D:11     | Reached skill level 1 in Stealth
 10258 | D:11     | Noticed a gargoyle
 10264 | D:11     | Reached XP level 11. HP: 40/75 MP: 12/12
 10268 | D:11     | Found a staircase to the Orcish Mines.
 10299 | D:11     | Noticed a purple ugly thing
 10331 | D:11     | Killed a purple ugly thing
 10448 | D:11     | Noticed a seven-headed hydra
 10461 | D:11     | Killed a seven-headed hydra
 10548 | D:11     | Found a staircase to the Lair.
 10635 | D:11     | Noticed a two-headed ogre
 10653 | D:11     | Killed a two-headed ogre
 11493 | D:12     | Noticed Kirke
 11503 | D:12     | Reached skill level 5 in Invocations
 11513 | D:12     | Killed Kirke
 11836 | D:12     | Reached skill level 5 in Shields
 11864 | D:12     | Reached XP level 12. HP: 70/84 MP: 16/16
 11911 | D:12     | Noticed a two-headed ogre
 11919 | D:12     | Killed a two-headed ogre
 11919 | D:12     | Reached skill level 15 in Axes
 12549 | D:13     | Noticed a tengu warrior
 12572 | D:13     | HP: 2/84 [tengu warrior/great mace (7)]
 12573 | D:13     | Killed a tengu warrior
 12644 | D:13     | Found a frozen archway.
 12655 | D:13     | HP: 3/84 [rime drake (6)]
 12710 | D:13     | Killed from afar by a rime drake

Vault maps used:
D:1:      minmay_arrival_split_and_join
D:2:      tso_metal_star, serial_forest, infiniplex_forest_clump_double,
          infiniplex_forest_zigzag_1, infiniplex_forest_lined_room_3,
          infiniplex_forest_clump_long, infiniplex_forest_clump_small,
          infiniplex_forest_side_room, infiniplex_forest_clump_medium,
          infiniplex_forest_clump_small, first_ration, minivault_11,
          hangedman_decor_clover_reticule, nemelex_lonely_heart_becter,
          uniq_crazy_yiuf_cottage, uniq_robin
D:3:      yredelemnul_altar_generic
D:4:      kennysheep_the_goblin_king, grunt_dithmenos_shadows, serial_shops,
          shop, uniq_natasha, uniq_grinder, uniq_menkaure
D:5:      regret_index_temple_of_mockery, minmay_temple_entry_trees,
          gammafunk_ghost_necromancy, basic_altar, minmay_misc_feat_diagonals,
          grunt_ministairs_10, kennysheep_slug_shrine
D:6:      uniq_pikel
D:7:      serial_shops, shop
D:8:      serial_glass, glass_columns_b, glass_columns_a, glass_columns_a,
          glass_columns_a, glass_columns_c, glass_columns_c, special_room,
          grunt_pizzeria
D:9:      serial_shops, nicolae_shop_overgrown_old_shop
D:11:     erik_lair_orcish_takeover, orc_0_dummy,
          hangedman_abyss_or_decor_passed, minmay_misc_feat_tower, uniq_grum,
          uniq_maurice
D:12:     uniq_kirke
D:13:     portal_ice_cave_rime, hangedman_incinerator
Temple:   dpeg_five_rooms_temple

Skill      XL: |  1  2  3  4  5  6  7  8  9 10 11 12 |
---------------+-------------------------------------+-----
Axes           | 2 3 4 6 7 8 10 12 14 15 | 15.0
Invocations    | 2 5 6 |  6.5
Dodging        | 1 4 |  4.5
Shields        | 3 5 |  5.3
Stealth        | 1 2 3 |  3.3
Armour         | 4 |  4.5
Fighting       | 4 |  4.6

Action                   |  1- 3 |  4- 6 |  7- 9 | 10-12 || total
-------------------------+-------+-------+-------+-------++-------
Melee: War axe           |   113 |   158 |    10 |       ||   281
       Hand axe          |       |       |   391 |   544 ||   935
Evoke: Wand              |       |       |       |    14 ||    14
  Use: Scroll            |       |     3 |       |    11 ||    14
       Potion            |       |       |     1 |     2 ||     3
 Stab: Paralysed         |       |       |    17 |    46 ||    63
       Sleeping          |       |       |     7 |     8 ||    15
       Distracted        |       |       |     1 |     1 ||     2
  Eat: Chunk             |     1 |     7 |    14 |    13 ||    35
       Ration            |       |       |       |     1 ||     1
Armor: Scale mail        |    68 |    63 |    14 |       ||   145
       Ring mail         |       |       |    61 |    66 ||   127
Dodge: Dodged            |    29 |    31 |    93 |   124 ||   277
       Deflected         |       |       |       |     3 ||     3
Block: Shield            |    61 |    68 |   149 |   182 ||   460

Table legend:
 A = Non-vault XP
 B = Vault XP
 C = Vault XP percentage of total XP
 D = Non-vault monster count
 E = Vault monster count
 F = Vault count percentage of total count
                 A         B        C        D         E       F
            +---------+---------+-------+---------+---------+-------
      Total |   18522 |    7236 |  28.1 |     296 |      69 |  18.9
            +---------+---------+-------+---------+---------+-------
        D:1 |      51 |       0 |   0.0 |      31 |       0 |   0.0
        D:2 |      28 |     115 |  80.4 |      11 |      15 |  57.7
        D:3 |     301 |       0 |   0.0 |      31 |       0 |   0.0
        D:4 |     321 |     520 |  61.8 |      16 |      11 |  40.7
        D:5 |     646 |     793 |  55.1 |      20 |       8 |  28.6
        D:6 |     797 |     673 |  45.8 |      21 |       1 |   4.5
        D:7 |     635 |       0 |   0.0 |      16 |       0 |   0.0
        D:8 |    1109 |     567 |  33.8 |      20 |      16 |  44.4
        D:9 |    2459 |       0 |   0.0 |      29 |       0 |   0.0
       D:10 |    1022 |     226 |  18.1 |      17 |       2 |  10.5
       D:11 |    5476 |    1285 |  19.0 |      41 |      10 |  19.6
       D:12 |    3433 |    2866 |  45.5 |      27 |       5 |  15.6
       D:13 |    2244 |     191 |   7.8 |      16 |       1 |   5.9
            +---------+---------+-------+---------+---------+-------
